 Dungeon Crawl Stone Soup version 0.18.1-50-g88ac8fd (webtiles) character file.

44 graki42 the Insei (level 3, 29/29 HPs)
             Began as a Demonspawn Monk on Oct 6, 2016.
             Was a Believer of Trog.
             Quit the game on level 2 of the Dungeon.
             The game lasted 00:03:51 (1621 turns).

graki42 the Insei (Demonspawn Monk)                 Turns: 1621, Time: 00:03:52

Health: 29/29      AC:  2    Str: 11    XL:     3   Next: 41%
Magic:  3/3        EV: 13    Int: 11    God:    Trog [**....]
Gold:   60         SH:  0    Dex: 16    Spells: 0 memorised, 2 levels left

rFire  . . .     SeeInvis .       - Unarmed
rCold  . . .     Gourm    .     a - +0 robe
rNeg   . . .     Faith    .     (no shield)
rPois  .         Spirit   .     (no helmet)
rElec  .         Dismiss  .     (no cloak)
rCorr  .         Reflect  .     (no gloves)
SustAt .         Harm     .     (no boots)
MR     .....                    (no amulet)
Stlth  ++........               (no ring)
                                (no ring)

@: not resistant to hostile enchantments, unstealthy
A: claws 1
a: Berserk, Trog's Hand, Burn Spellbooks, Renounce Religion


You were on level 2 of the Dungeon.
You worshipped Trog.
Trog was pleased with you.
You were not hungry.

You visited 1 branch of the dungeon, and saw 2 of its levels.

You collected 60 gold pieces.

Inventory:

Armour
 a - a +0 robe (worn)
Scrolls
 d - a scroll of fear {unknown}
 e - a scroll of noise {unknown}
 f - a scroll of amnesia {unknown}
 i - a scroll of enchant armour {unknown}
 k - 2 scrolls of identify {unknown}
 l - 2 scrolls of fog {unknown}
 m - a scroll of magic mapping {unknown}
 o - a scroll of teleportation {unknown}
 q - a scroll of blinking {unknown}
Potions
 g - 2 potions of brilliance {unknown}
 h - a potion of berserk rage {unknown}
 j - a potion of cure mutation {unknown}
 n - a potion of curing {unknown}
 p - a potion of agility {unknown}
Comestibles
 b - a bread ration
 c - 7 fruits
 r - a slice of pizza


   Skills:
 + Level 3.4 Fighting
 + Level 3.1 Dodging
 + Level 2.0 Stealth
 + Level 4.1 Unarmed Combat


You had 2 spell levels left.
You didn't know any spells.

Dungeon Overview and Level Annotations

Branches:
Dungeon (2/15)

Altars:
Gozag
Trog


Innate Abilities, Weirdness & Mutations

You have sharp fingernails.


Message History

l - 2 scrolls labeled CYIJ PYSOFYCU (gained 1)
You are starving!
You need to eat something NOW!
There is a stone staircase leading down here.
You see here a bat corpse.
You butcher the bat corpse.
Eat a chunk of flesh? (ye/n/q/i?) This raw flesh tastes terrible.
You are feeling very hungry.
You continue eating. x2
You see here a giant gecko corpse.
You butcher the giant gecko corpse.
s - a chunk of flesh You aren't carrying any items that you can evoke.
Eat a chunk of flesh? (ye/n/q/i?)
Okay, then.
Eat a chunk of flesh? (ye/n/q/i?) This raw flesh tastes terrible.
You continue eating. x2
Are you sure you want to abandon this character and quit the game? (Confirm with "yes".)

############# ##.....#.....##
##.............##
#...............#
#...............#
#...............#
#.)....@........#
#...............#
#.......>.......#
##.............##
####......#.....##
######....############ ######
..........# #....# #####...##
#....#
#####[..#.###############....#


There were no monsters in sight!

Vanquished Creatures
  A worm (D:2)
  A giant gecko (D:2)
  4 goblins (D:1)
  8 hobgoblins
  4 jackals (D:2)
  6 bats
  2 giant newts
  5 kobolds
  7 rats
38 creatures vanquished.

Notes
Turn   | Place    | Note
--------------------------------------------------------------
     0 | D:1      | graki42 the Demonspawn Monk began the quest for the Orb.
     0 | D:1      | Reached XP level 1. HP: 18/18 MP: 1/1
   292 | D:1      | Gained mutation: You have sharp fingernails. [demonic ancestry]
   292 | D:1      | Reached XP level 2. HP: 24/24 MP: 2/2
   900 | D:2      | Reached skill level 4 in Unarmed Combat
   909 | D:2      | Reached XP level 3. HP: 7/29 MP: 3/3
  1216 | D:2      | Found an opulent altar of Gozag.
  1248 | D:2      | Found a faded altar to an unknown god.
  1370 | D:2      | Became a worshipper of Trog the Wrathful
  1370 | D:2      | Reached * piety under Trog
  1370 | D:2      | Reached ** piety under Trog
  1621 | D:2      | Quit the game

Skill      XL: |  1  2 |
---------------+-------+-----
Dodging        | 3 |  3.1
Unarmed Combat | 4 |  4.1
Stealth        | 2 |  2.0
Fighting       | |  3.4

Action                   || total
-------------------------++-------
Melee: Unarmed           ||    94
       Punch             ||     3
Invok: Berserk           ||     1
 Stab: Sleeping          ||     8
  Eat: Chunk             ||     3
Armor: Robe              ||     8
Dodge: Dodged            ||    60
